 Dungeon Crawl Stone Soup version 0.28-a0-622-gbaef9634d7 (webtiles) character file.

Game seed: 12972950154008272875

735 siradein the Skirmisher (level 7, 0/70 HPs)
             Began as a Troll Fighter on Oct 7, 2021.
             Slain by a water moccasin (5 damage)
             ... on level 5 of the Dungeon.
             The game lasted 00:08:35 (3841 turns).

siradein the Skirmisher (Troll Fighter)             Turns: 3841, Time: 00:08:35

Health: 0/70       AC:  5    Str: 26    XL:     7   Next: 45%
Magic:  6/6        EV:  8    Int:  4    God:
Gold:   283        SH:  8    Dex:  7    Spells: 6/6 levels left

rFire   . . .      SeeInvis .   a - +1 long sword
rCold   . . .      Faith    .   c - +1 kite shield
rNeg    + . .      Spirit   .   b - +0 robe
rPois   .          Reflect  .   (helmet restricted)
rElec   .          Harm     .   w - +0 cloak of Lamasch {rN+ rCorr Dex-5}
rCorr   +          Rampage  .   (gloves unavailable)
Will    .....                   (boots unavailable)
Stlth   +.........              (no amulet)
HPRegen 1.21/turn               A - ring "Viaqon" {Fly Dex+2}
MPRegen 0.10/turn               (no ring)

@: mighty, lethally poisoned (0 -> -9), flying
A: large, unfitting armour, claws 3, regeneration 1, shaggy fur 1, tough skin 1
a: no special abilities


You were on level 5 of the Dungeon.
You visited 1 branch of the dungeon, and saw 5 of its levels.

You collected 283 gold pieces.

Inventory:

Hand Weapons
 a - a +1 long sword (weapon)
Missiles
 h - 17 poisoned darts (quivered)
 i - 9 large rocks
 k - 10 javelins
 D - a curare-tipped dart
Armour
 b - a +0 robe (worn)
 c - a +1 kite shield (worn)
 w - the +0 cloak of Lamasch (worn) {rN+ rCorr Dex-5}
   (You found it on level 4 of the Dungeon)

   Dex:       It affects your dexterity (-5).
   rN:        It protects you from negative energy.
   rCorr:     It protects you from acid and corrosion.
Jewellery
 A - the ring "Viaqon" (left claw) {Fly Dex+2}
   (You took it off an orc on level 5 of the Dungeon)

   [ring of flight]

   Dex:       It affects your dexterity (+2).
   Fly:       It grants you flight.
Wands
 s - a wand of polymorph (5)
Scrolls
 e - a scroll of fear {unknown}
 f - 2 scrolls of fog
 g - 3 scrolls of magic mapping
 j - a scroll of enchant armour
 m - a scroll of immolation {unknown}
 n - 3 scrolls of enchant weapon
 r - a scroll of torment {unknown}
 t - a scroll of teleportation {unknown}
 v - a scroll of holy word {unknown}
 y - a scroll of identify
 C - a scroll of amnesia {unknown}
Potions
 d - a potion of might
 l - 3 potions of invisibility
 o - 3 potions of curing {unknown}
 p - a potion of flight {unknown}
 q - a potion of haste {unknown}
 u - a potion of attraction {unknown}
 x - 2 potions of lignification
 z - a potion of degeneration {unknown}
 B - a potion of ambrosia {unknown}


   Skills:
 + Level 4.2 Fighting
 + Level 3.7 Long Blades
 + Level 4.1 Dodging
 + Level 4.2 Shields


You had 6 spell levels left.
You didn't know any spells.
Your spell library contained the following spells:

 Spells                   Type           Power      Damage    Failure   Level
 Animate Skeleton         Necr           0%         N/A       85%         1
 Pain                     Necr           0%         1d4       85%         1
 Conjure Flame            Conj/Fire      0%         6-21      99%         3
 Ignite Poison            Fire/Tmut/Pois 0%         N/A       99%         3
 Vampiric Draining        Necr           0%         2d6       99%         3
 Sticky Flame             Conj/Fire      0%         2d3       100%        4


Dungeon Overview and Level Annotations

Branches:
Dungeon (5/15)
 Temple: D:4-7

Altars:
Cheibriados
Gozag
Kikubaaqudgha
Okawaru


Innate Abilities, Weirdness & Mutations

You are too large for most types of armour.
You have claws for hands.
Your natural rate of healing is unusually fast.
You are covered in fur. (AC +1)
You have tough skin. (AC +1)


Message History

The water moccasin bites you but does no damage.
You block the water moccasin's attack.
You barely miss the water moccasin.
You feel very sick. You block the water moccasin's attack.
The water moccasin bites you.
You are more poisoned.
The water moccasin poisons you!
You barely miss the water moccasin.
You feel extremely sick. The water moccasin closely misses you.
The water moccasin bites you but does no damage.
You are too injured to fight recklessly!
You are too injured to fight recklessly!
You are too injured to fight recklessly!
You are too injured to fight recklessly!
You are too injured to fight recklessly!
You are too injured to fight recklessly!
You slash the water moccasin!
The water moccasin is heavily wounded.
You feel very sick. The water moccasin closely misses you.
The water moccasin bites you.
You are more poisoned.
The water moccasin poisons you!
You barely miss the water moccasin.
The water moccasin is heavily wounded.
You feel extremely sick. The water moccasin bites you.
* * * LOW HITPOINT WARNING * * *
You are lethally poisoned!
The water moccasin poisons you! You block the water moccasin's attack.
You feel very mighty all of a sudden.
* * * LOW HITPOINT WARNING * * *
You feel extremely sick. You block the water moccasin's attack.
You closely miss the water moccasin.
The water moccasin is heavily wounded.
* * * LOW HITPOINT WARNING * * *
You feel extremely sick. You block the water moccasin's attack.
The water moccasin bites you.
You die...

## .. ..# ##.# #(#
#.. ..# #.# ...
#.# #.# #.# #.#
#.# #.# #.# #Z#
#)# #.# #S#
##.##### #.# #@#
.......###.#####.#
##.###...........#
#[# #####.####..#
##.#######.#
#.....
...........#
#.#####
##.........# #..
)....#####)# ###
####.### #.#


You could see a water moccasin and a howler monkey zombie.

Vanquished Creatures
  A kobold brigand (D:5)
  A water moccasin skeleton (D:5)
  A centaur zombie (D:5)
  2 hounds
  A gnoll shaman (D:5)
  A centaur skeleton (D:4)
  2 jellies
  A bullfrog skeleton (D:5)
  An iguana (D:4)
  2 orc wizards (D:5)
  A scorpion zombie (D:5)
  2 hound skeletons (D:4)
  6 adders
  10 gnolls
  A shadow imp (D:5)
  An adder skeleton (D:4)
  A worm (D:4)
  4 dart slugs
  10 orcs
  7 ball pythons
  2 endoplasms
  3 giant cockroaches
  3 goblins
  8 hobgoblins
  4 quokkas
  4 bats
  3 frilled lizards
  10 kobolds
  4 rats
97 creatures vanquished.

Notes
Turn   | Place    | Note
-------+----------+-------------------------------------------
     0 | D:1      | siradein the Troll Fighter began the quest for the Orb.
     0 | D:1      | Reached XP level 1. HP: 22/22 MP: 0/0
   159 | D:1      | Reached XP level 2. HP: 27/29 MP: 1/1
   646 | D:2      | Found a faded altar of an unknown god.
   724 | D:2      | Reached XP level 3. HP: 36/36 MP: 2/2
  1352 | D:3      | Reached XP level 4. HP: 30/44 MP: 3/3
  1621 | D:3      | Found an ancient bone altar of Kikubaaqudgha.
  2059 | D:3      | Found an opulent altar of Gozag.
  2062 | D:3      | Found a snail-covered altar of Cheibriados.
  2066 | D:3      | Found an iron altar of Okawaru.
  2489 | D:4      | Reached XP level 5. HP: 51/53 MP: 4/4
  2873 | D:4      | Identified the +0 cloak of Lamasch {rN+ rCorr Dex-5}
  3249 | D:5      | Entered Level 5 of the Dungeon
  3266 | D:4      | Reached XP level 6. HP: 61/61 MP: 5/5
  3451 | D:5      | Reached XP level 7. HP: 68/68 MP: 6/6
  3464 | D:5      | Identified the ring "Viaqon" {Fly Dex+2}
  3841 | D:5      | Slain by a water moccasin

Illustrated notes

Levels and vault maps discovered:
D:1:      heliophobic_arrival_enchanted_forest, layout_loops_cross,
          amcnicky_mini_rare_corridor_liquid
D:2:      layout_loops_ring, hellmonk_ecumenical_altar_crossroads,
          minmay_octomino_j4
D:3:      layout_basic, grunt_temple_overflow_diamond,
          mainiacjoe_overflow_tiny_flanked, serial_curves, eino_curves_03,
          eino_curves_01, eino_curves_02, eino_curves_04
D:4:      layout_loops_ring
D:5:      layout_loops_ring

Skill      XL: |  1  2  3  4  5  6  7 |
---------------+----------------------+-----
Long Blades    | 2 3 |  3.7
Fighting       | 3 4 |  4.2
Shields        | 3 4 |  4.2
Dodging        | 3 4 |  4.1

Action                   |  1- 3 |  4- 6 |  7- 9 || total
-------------------------+-------+-------+-------++-------
Melee: Long sword        |   130 |   200 |    99 ||   429
  Use: Scroll            |       |     6 |       ||     6
       Potion            |       |       |     1 ||     1
 Stab: Sleeping          |       |     1 |       ||     1
Armor: Robe              |    58 |    87 |    38 ||   183
Dodge: Dodged            |    68 |    64 |    35 ||   167
Block: Kite shield       |    83 |    85 |    44 ||   212

Table legend: (Time is in decaauts)
 A = Elapsed time spent in this place.
 B = Non-inter-level travel time spent in this place.
 C = Inter-level travel time spent in this place.
 D = Time resting spent in this place.
 E = Time spent auto-exploring this place.
 F = Levels seen in this place.
 G = Mean time per level.
                   A        B        C        D        E       F      G
               +--------+--------+--------+--------+--------+-----+--------+
         Total |   4042 |   3942 |    100 |    153 |   2718 |   5 |  808.4 |
       Dungeon |   4042 |   3942 |    100 |    153 |   2718 |   5 |  808.4 |
               +--------+--------+--------+--------+--------+-----+--------+

Top non-repeatable levels by time:
     D:3: 983 daAuts
     D:4: 930 daAuts
     D:2: 872 daAuts
     D:1: 664 daAuts
     D:5: 591 daAuts
